 Dungeon Crawl Stone Soup version 0.29.1-1-gd02db6906a (webtiles) character file.

Game seed: 17637348275962014316

60 porpoise the Trooper (level 4, -1/37 HPs)
             Began as a Formicid Abyssal Knight on Oct 3, 2022.
             Was a Priest of Lugonu.
             Killed by divine providence
             ... invoked by an orc priest
              (13 damage)
             ... on level 3 of the Dungeon.
             The game lasted 00:05:54 (2026 turns).

porpoise the Trooper (Formicid Abyssal Knight)      Turns: 2026, Time: 00:05:55

Health: -1/37      AC:  5    Str: 15 (18) XL:     4   Next: 24%
Magic:  6/6        EV: 15    Int:  8 (9)  God:    Lugonu [***...]
Gold:   120        SH:  0    Dex: 14 (16) Spells: 3/3 levels left

rFire   . . .      SeeInvis +   a - +1 spear
rCold   . . .      Faith    .   (no shield)
rNeg    . . .      Spirit   .   c - +0 ring mail
rPois   .          Reflect  .   (helmet unavailable)
rElec   .          Harm     .   (no cloak)
rCorr   .          Rampage  .   (no gloves)
Will    .....                   (no boots)
Stlth   +.........              (no amulet)
HPRegen 0.12/turn               f - +4 ring of evasion
MPRegen 0.10/turn               (no ring)

@: no status effects
A: permanent stasis, dig shafts and tunnels, antennae 3, four strong arms
a: Dig, Shaft Self, Renounce Religion, Depart the Abyss, Bend Space, Banish


You were on level 3 of the Dungeon.
You worshipped Lugonu.
Lugonu was most pleased with you.
You visited 1 branch of the dungeon, and saw 3 of its levels.
You visited the Abyss 1 time.

You collected 120 gold pieces.

Inventory:

Hand Weapons
 a - a +1 spear (weapon)
Missiles
 g - 7 poisoned darts
Armour
 c - a +0 ring mail (worn)
Magical Staves
 d - a staff of earth
Jewellery
 f - a +4 ring of evasion (left hand)
Scrolls
 i - a scroll of enchant armour {unknown}
 j - a scroll of poison {unknown}
 k - a scroll of summoning {unknown}
 l - a scroll of identify {unknown}
 n - a scroll of blinking {unknown}
 p - a scroll of enchant weapon {unknown}
 q - a scroll of noise {unknown}
Potions
 e - a potion of degeneration
 h - a potion of flight {unknown}
 m - a potion of might {unknown}
 o - a potion of brilliance {unknown}


   Skills:
 + Level 3.7 Fighting
 * Level 2.7 Polearms
 - Level 2.7 Armour
 - Level 1.5 Dodging
 + Level 2.9 Invocations


You had 3 spell levels left.
You didn't know any spells.
Your spell library contained the following spells:

 Spells                   Type           Power      Damage    Failure   Level
 Confusing Touch          Hex            0%         N/A       94%         3
 Yara's Violent Unravell  Hex/Tmut       0%         3d3       100%        5
 Enfeeble                 Hex            0%         N/A       100%        7


Dungeon Overview and Level Annotations

Branches:
Dungeon (3/15)

Altars:
Xom


Innate Abilities, Weirdness & Mutations

You cannot be hasted, slowed, berserked, paralysed or teleported.
You can dig through walls and to a lower floor.
You have a pair of large antennae on your head. (SInv)
Your four strong arms can wield two-handed weapons with a shield.


Message History

An orc comes into view. It is wielding a +0 flail.
The orc shouts!
You hit the orc.
The orc is severely wounded.
The orc misses you.
You hit the orc.
You kill the orc!
Lugonu accepts your kill.
You barely miss the orc priest. The orc priest closely misses you.
You hit the orc priest.
The orc priest is moderately wounded.
The orc priest hits you with a +0 dagger.
You hit the orc priest but do no damage.
The orc priest is moderately wounded.
You hit the orc.
The orc is almost dead.
The orc priest calls down the wrath of Beogh upon you.
Beogh smites you!
* * * LOW HITPOINT WARNING * * *
You closely miss the orc.
The orc is almost dead.
The orc closely misses you.
It was a potion of degeneration.
There was something very wrong with that liquid.
You feel weakened.
You feel dopey.
You feel clumsy. The orc hits you with a +0 mace.
* * * LOW HITPOINT WARNING * * *
It was a potion of curing.
You feel better. The orc hits you but does no damage.
You hit the orc.
You kill the orc!
Lugonu accepts your kill.
You barely miss the orc priest.
The orc priest is moderately wounded.
The orc priest closely misses you.
You hit the orc priest but do no damage.
The orc priest is moderately wounded.
The orc priest calls down the wrath of Beogh upon you.
Beogh smites you!
You die...

######## ###########
#......###......#...
#...........###.#.##
#......#....###.#.##
###@####........#...
#o# #.#+#......##
#o# #.#......#...
..# #.###.##.#.#.
.## #......#.#.#. ..
#####..#.#.#. ..
...#.#.#> ...
##.....#. ....#.


You could see an orc priest and an orc.

Vanquished Creatures
  A dart slug (D:1)
  2 orcs (D:3)
  2 endoplasms (D:2)
  3 goblins
  6 hobgoblins
  11 jackals (D:2)
  7 kobolds
  3 quokkas
  2 ball pythons (D:1)
  3 bats (D:1)
  5 frilled lizards
  2 rats
47 creatures vanquished.

Notes
Turn   | Place    | Note
-------+----------+-------------------------------------------
     0 | Abyss:1  | porpoise the Formicid Abyssal Knight began the quest for
                  | the Orb.
     0 | Abyss:1  | Reached XP level 1. HP: 18/18 MP: 2/2
     1 | D:1      | Escaped the Abyss
    86 | D:1      | Reached skill level 1 in Dodging
   128 | D:1      | You fall into a shaft and drop 1 floor!
   157 | D:1      | Reached XP level 2. HP: 21/24 MP: 3/3
   449 | D:1      | Reached XP level 3. HP: 27/29 MP: 4/4
   765 | D:2      | Reached *** piety under Lugonu
  1107 | D:2      | Found a shimmering altar of Xom.
  1334 | D:2      | Reached XP level 4. HP: 36/37 MP: 6/6
  1515 | D:2      | Found a faded altar of an unknown god.
  2026 | D:3      | Killed from afar by an orc priest

Illustrated notes

Levels and vault maps discovered:
D:1:      psy_arrival_statuary, layout_basic, ebering_dispersal_statue_hall,
          grunt_decor_one_mirror, minmay_tetromino_t2
D:2:      layout_loops_corners, dilly_ecumenical_altar_fadedgnrine, basic_altar,
          kennysheep_path_1, chequers_decorated_corner
D:3:      minmay_roachtagon, layout_basic

Skill      XL: |  1 |
---------------+----+-----
Dodging        | 1 |  1.5
Fighting       | |  3.7
Polearms       | |  2.7
Armour         | |  2.7
Invocations    | |  2.9

Action                   |  1- 3 |  4- 6 || total
-------------------------+-------+-------++-------
Melee: Spear             |   127 |    31 ||   158
  Use: Potion            |       |     2 ||     2
Armor: Ring mail         |    22 |     3 ||    25
Dodge: Dodged            |    65 |    16 ||    81
